Map: Pillars of Gold LE

Players

Zest - Winner!

  • Race: Protoss Protoss
  • Spawn Location: 1:00

Trap

  • Race: Protoss Protoss
  • League: Master
  • Spawn Location: 7:00

Event: DreamHack SC2 Masters 2020 Winter

VOD

Have the link to the VOD?

Description

Time

  • Played on: Oct. 27, 2020, 6:49 a.m.
  • Length: 5:33

All games in this series

Show
View Real Time Build Order
Export as new Build Order

Zest Protoss - Winner!

Build Orders: Oracle Opening, Dark Templar Rush 

Get SALT Encoding   

  12  0:00  Probe  
  13  0:12  Probe  
  14  0:19  Pylon  
  14  0:24  Probe  
  15  0:37  Probe (Chrono Boost)  
  15  0:39  Gateway  
  16  0:47  Probe (Chrono Boost)  
  16  0:48  Assimilator  
  17  0:52  Probe (Chrono Boost)  
  18  1:04  Probe  
  19  1:16  Probe (Chrono Boost)  
  20  1:21  Pylon  
  20  1:23  Assimilator  
  21  1:26  Cybernetics Core  
  21  1:27  Probe (Chrono Boost)  
  21  1:32  Probe (Chrono Boost)  
  21  1:39  Zealot  
  24  1:42  Probe  
  25  1:54  Probe  
  26  2:03  Warp Gate  
  26  2:04  Stalker (Chrono Boost)  
  26  2:06  Probe  
  29  2:11  Pylon  
  29  2:20  Stargate  
  29  2:27  Pylon  
  29  2:45  Nexus  
  29  2:48  Probe  
  30  3:00  Probe  
  30  3:03  Oracle  
  34  3:12  Twilight Council  
  34  3:14  Probe (Chrono Boost)  
  35  3:23  Pylon  
  35  3:25  Probe (Chrono Boost)  
  36  3:31  Probe (Chrono Boost)  
  37  3:42  Probe  
  37  3:46  Gateway  
  38  3:50  Dark Shrine  
  39  3:57  Probe (Chrono Boost)  
  39  3:59  Probe (Chrono Boost)  
  40  4:06  Probe (Chrono Boost)  
  40  4:09  Probe (Chrono Boost)  
  42  4:11  Probe (Chrono Boost)  
  42  4:15  Gateway  
  43  4:23  Probe x2 (Chrono Boost)  
  45  4:30  Assimilator  
  46  4:33  Probe (Chrono Boost)  
  46  4:34  Gateway, Probe (Chrono Boost)  
  47  4:43  Probe  
  47  4:44  Probe  
  49  4:49  Nexus  
  49  5:02  Dark Templar x2  
  49  5:03  Probe  
  49  5:04  Probe  
  55  5:10  Pylon  
  55  5:11  Stalker  
  57  5:19  Probe  
  57  5:20  Probe  
Show
View Real Time Build Order
Export as new Build Order

Trap Protoss 

Build Orders:  

Get SALT Encoding   

  12  0:00  Probe  
  13  0:12  Probe  
  14  0:18  Pylon  
  14  0:24  Probe (Chrono Boost)  
  15  0:36  Probe (Chrono Boost)  
  15  0:38  Gateway  
  16  0:45  Probe (Chrono Boost)  
  17  0:50  Probe  
  17  0:51  Assimilator  
  18  0:59  Assimilator  
  18  1:03  Probe (Chrono Boost)  
  19  1:14  Probe (Chrono Boost)  
  19  1:16  Gateway  
  20  1:18  Probe (Chrono Boost)  
  21  1:28  Cybernetics Core  
  21  1:31  Probe  
  22  1:39  Pylon  
  22  1:43  Probe  
  23  1:55  Pylon  
  23  1:57  Probe  
  24  2:03  Warp Gate (Chrono Boost)  
  24  2:04  Stalker  
  26  2:11  Sentry  
  26  2:15  Pylon  
  28  2:21  Probe  
  28  2:23  Pylon  
  28  2:34  Probe, Sentry  
  31  2:45  Sentry  
  33  2:52  Nexus  
  33  2:56  Probe  
  34  3:04  Stalker  
  36  3:08  Probe  
  37  3:18  Twilight Council  
  37  3:20  Probe  
  37  3:27  Pylon  
  38  3:32  Probe  
  39  3:45  Probe  
  39  3:46  Stalker x2  
  44  3:57  Probe  
  45  4:07  Probe (Chrono Boost)  
  46  4:11  Probe (Chrono Boost)  
  47  4:18  Pylon  
  47  4:19  Probe (Chrono Boost)  
  47  4:21  Probe (Chrono Boost)  
  48  4:26  Probe (Chrono Boost)  
  48  4:28  Probe (Chrono Boost)  
  50  4:32  Stalker  
  50  4:33  Probe (Chrono Boost)  
  50  4:38  Dark Shrine  
  53  4:43  Probe (Chrono Boost)  
  53  4:44  Probe (Chrono Boost)  
  54  4:47  Forge  
  54  4:48  Probe (Chrono Boost)  
  54  4:51  Probe  
  56  4:57  Gateway  
  55  5:00  Probe  
  55  5:04  Probe  
  57  5:07  Assimilator  
  57  5:09  Pylon  
  57  5:12  Assimilator  
  57  5:14  Probe  
  58  5:21  Probe  
  59  5:22  Stalker  
Tags
 
Add a new tag
Caveats
  • Supply blocks, unpowered buildings, or Contaminate may cause inaccurate times.
  • Supply counts are checked every 10 seconds.